 Dungeon Crawl Stone Soup version 0.21-a0-47-g7c8f537 (webtiles) character file.

403 Duffy the Magician (level 6, -1/32 HPs)
             Began as a Deep Elf Fire Elementalist on June 8, 2017.
             Killed by divine providence
             ... invoked by an orc priest
              (11 damage)
             ... on level 4 of the Dungeon.
             The game lasted 00:04:52 (4101 turns).

Duffy the Magician (Deep Elf Fire Elementalist)     Turns: 4101, Time: 00:04:53

Health: -1/32      AC:  6    Str:  7    XL:     6   Next: 55%
Magic:  6/16       EV: 13    Int: 22    God:
Gold:   135        SH:  0    Dex: 15    Spells: 2/15 levels left

rFire    . . .     SeeInvis .   (no weapon)
rCold    . . .     Gourm    .   (no shield)
rNeg     . . .     Faith    .   a - +0 robe
rPois    .         Spirit   .   (helmet restricted)
rElec    .         Reflect  .   (no cloak)
rCorr    .         Harm     .   (no gloves)
MR       .....                  n - +1 pair of boots
Stlth    ++........             (no amulet)
Regen    0.1/turn               (no ring)
MPRegen  0.2/turn               (no ring)

@: no status effects
A: antennae 1, icy blue scales 1, screaming 1, strong 1
a: no special abilities


You were on level 4 of the Dungeon.
You were not hungry.

You visited 1 branch of the dungeon, and saw 4 of its levels.

You collected 135 gold pieces.

Inventory:

Missiles
 h - 3 curare-tipped needles
Armour
 a - a +0 robe (worn)
 n - a +1 pair of boots (worn)
Scrolls
 d - 2 scrolls of enchant weapon {unknown}
 e - a scroll of recharging {unknown}
 g - a scroll of remove curse
 m - a scroll of magic mapping {unknown}
 p - a scroll of identify
 t - a scroll of teleportation {unknown}
Potions
 i - a potion of agility
 j - a potion of berserk rage {unknown}
 k - a potion of lignification {unknown}
 o - a potion of flight {unknown}
 q - 3 potions of haste
 r - a potion of heal wounds
Books
 b - a book of Flames

   Spells                             Type                      Level
   a - Flame Tongue                   Conjuration/Fire             1
   b - Throw Flame                    Conjuration/Fire             2
   c - Conjure Flame                  Conjuration/Fire             3
   d - Inner Flame                    Hexes/Fire                   3
   e - Sticky Flame                   Conjuration/Fire             4
   f - Fireball                       Conjuration/Fire             5
Comestibles
 c - 5 bread rations
 f - a meat ration
 l - a royal jelly
 s - 5 chunks of flesh


   Skills:
 - Level 2.4 Dodging
 - Level 2.4 Stealth
 + Level 5.4 Spellcasting
 * Level 5.0 Conjurations
 + Level 5.1 Fire Magic


You had 2 spell levels left.
You knew the following spells:

 Your Spells              Type           Power        Failure   Level  Hunger
a - Flame Tongue          Conj/Fire      ####.        1%          1    None
j - Sticky Flame          Conj/Fire      ####....     12%         4    ####...
k - Fireball              Conj/Fire      ####......   32%         5    #####..
l - Conjure Flame         Conj/Fire      ####....     3%          3    ##.....


Dungeon Overview and Level Annotations

Branches:
Dungeon (4/15)
 Temple: D:4-7

Altars:
Ashenzari
Dithmenos
Qazlal

Shops:
D:4 !


Innate Abilities, Weirdness & Mutations

You have a pair of small antennae on your head.
You are partially covered in icy blue scales. (AC +2)
You occasionally shout uncontrollably at your foes.
Your muscles are strong. (Str +2)


Message History

Aim: an orc wizard, wielding a dagger and wearing a robe (moderately wounded, covered in liquid flames)
The flame tongue hits the orc wizard.
The orc wizard is severely wounded.
The orc wizard burns!
You kill the orc wizard!
Your Conjurations skill increases to level 5!
The orc priest invokes the aid of Beogh against you.
Beogh smites you! The orc hits you.
Casting: Flame Tongue
Confirm with . or Enter, or press ? or * to list all spells.
Aiming: Sticky Flame
Press: ? - help, Shift-Dir - straight line, f - orc
Aim: an orc, wielding a dagger and wearing a leather armour The sticky flame hits the orc.
The orc is severely wounded.
The orc is covered in liquid flames!
The orc burns!
You kill the orc!
The orc priest invokes the aid of Beogh against you.
Beogh smites you!
You die...

#..# ##......#
.....# ##.##
##......# ......#
#..# ##.....#
....... ##.##
#....## .......
#..# #....# .......
##..#
...\...####...###
......o#........#
.....o)@..######...
......##### ...
..### .. .


You could see an orc priest and an orc.

Vanquished Creatures
  A sky beast (D:4)
  An ogre (D:3)
  4 orc wizards
  3 adders
  2 worms
  A dart slug (D:1)
  3 leopard geckos
  8 orcs
  6 giant cockroaches
  3 hobgoblins
  2 quokkas
  2 ball pythons
  7 bats
  10 frilled lizards
  5 goblins
  13 kobolds
  12 rats
83 creatures vanquished.

Notes
Turn   | Place    | Note
-------+----------+-------------------------------------------
     0 | D:1      | Duffy the Deep Elf Fire Elementalist began the quest for the Orb.
     0 | D:1      | Reached XP level 1. HP: 10/10 MP: 6/6
   394 | D:1      | Reached XP level 2. HP: 7/15 MP: 4/8
  1242 | D:2      | Found a stormy altar of Qazlal.
  1249 | D:2      | Reached XP level 3. HP: 13/19 MP: 1/10
  1269 | D:2      | Learned a level 3 spell: Conjure Flame
  1411 | D:2      | Found a shadowy altar of Dithmenos.
  2281 | D:3      | Reached XP level 4. HP: 24/24 MP: 8/11
  2820 | D:3      | Noticed an ogre
  2837 | D:3      | Killed an ogre
  2837 | D:3      | Reached XP level 5. HP: 28/28 MP: 3/13
  3261 | D:3      | Learned a level 4 spell: Sticky Flame
  3267 | D:3      | Learned a level 5 spell: Fireball
  3785 | D:4      | Reached skill level 5 in Spellcasting
  3873 | D:4      | Found a shattered altar of Ashenzari.
  3893 | D:4      | Reached XP level 6. HP: 32/32 MP: 12/15
  3965 | D:4      | Noticed a sky beast
  3978 | D:4      | Killed a sky beast
  3978 | D:4      | Reached skill level 5 in Fire Magic
  3986 | D:4      | Gained mutation: You have a pair of small antennae on your head. [mutagenic meat]
  3987 | D:4      | Gained mutation: You are partially covered in icy blue scales. (AC +2) [mutagenic meat]
  3988 | D:4      | Gained mutation: Your muscles are strong. (Str +2) [mutagenic meat]
  3989 | D:4      | Lost mutation: Your muscles are strong. (Str +2) [mutagenic meat]
  3990 | D:4      | Gained mutation: Your muscles are strong. (Str +2) [mutagenic meat]
  3991 | D:4      | Gained mutation: You occasionally shout uncontrollably at your foes. [mutagenic meat]
  4092 | D:4      | Found Omnaevuc's Distillery.
  4100 | D:4      | Reached skill level 5 in Conjurations
  4101 | D:4      | Killed from afar by an orc priest

Vault maps used:
D:1:      dpeg_arrival_fog, hangedman_abyss_or_decor_lesser_grid, hex_medium,
          st_stairs_2, minmay_lizard_pond
D:2:      lemuel_crystal_altar, lemuel_doored_altar
D:3:      first_bread
D:4:      ashenzari_altar_1, minmay_temple_entry_glassed_door, serial_shops,
          shop, minmay_misc_feat_x, st_stairs_11

Skill      XL: |  1  2  3  4  5  6 |
---------------+-------------------+-----
Conjurations   | 2 3 4 5 |  5.0
Fire Magic     | 4 5 |  5.1
Spellcasting   | 4 5 |  5.4
Dodging        | |  2.4
Stealth        | |  2.4

Action                   |  1- 3 |  4- 6 || total
-------------------------+-------+-------++-------
 Cast: Flame Tongue      |    91 |    62 ||   153
       Conjure Flame     |       |     1 ||     1
       Sticky Flame      |       |     5 ||     5
  Use: Scroll            |       |     5 ||     5
  Eat: Chunk             |     4 |    12 ||    16
Armor: Robe              |     6 |     4 ||    10
Dodge: Dodged            |    22 |    13 ||    35
